 Dungeon Crawl Stone Soup version 0.24.0-123-gd5b16e6ec5 (webtiles) character file.

Game seed: 16012654707582413672, levelgen mode: deterministic

177 Descartes the Scratcher (level 5, -1/24 HPs)
             Began as a Felid Monk on Feb 1, 2020.
             Killed from afar by an orc wizard (6 damage)
             ... with a magic dart
             ... on level 4 of the Dungeon.
             The game lasted 00:06:58 (4213 turns).

Descartes the Scratcher (Felid Monk)                Turns: 4213, Time: 00:06:58

Health: -1/24      AC:  1    Str:  7    XL:     5   Next: 31%
Magic:  6/6        EV: 21    Int: 11    God:
Gold:   101        SH:  0    Dex: 20    Spells: 4/4 levels left
                                        Lives:  0   Deaths: 1

rFire    . . .     SeeInvis +     - Unarmed
rCold    . . .     Gourm    .   (shield unavailable)
rNeg     . . .     Faith    .   (armour unavailable)
rPois    .         Spirit   .   (helmet unavailable)
rElec    .         Reflect  .   (cloak unavailable)
rCorr    .         Harm     .   (gloves unavailable)
MR       .....                  (boots unavailable)
Stlth    ++++......             (no amulet)
HPRegen  0.08/turn              (no ring)
MPRegen  0.10/turn              (no ring)

@: quick
A: very small, no armour, no weapons or thrown items, stealth, claws 1, fangs 3,
see invisible, carnivore, speed 1, shaggy fur 1, slow metabolism 1, sharp paws
a: no special abilities


You were on level 4 of the Dungeon.
You were not hungry.

You visited 1 branch of the dungeon, and saw 4 of its levels.

You collected 101 gold pieces.

Inventory:

Missiles
 d - 61 arrows
 e - 135 stones
Scrolls
 k - a scroll of identify
Potions
 b - a potion of brilliance {unknown}
 f - a potion of magic {unknown}
 g - a potion of agility {unknown}
 h - 3 potions of flight
 i - 2 potions of curing
 j - a potion of invisibility {unknown}
 l - a potion of might {unknown}
 m - 2 potions of heal wounds {unknown}
Comestibles
 a - 5 rations


   Skills:
 - Level 3.0 Fighting
 + Level 5.1 Dodging
 + Level 5.2 Stealth
 * Level 5.6 Unarmed Combat


You had 4 spell levels left.
You didn't know any spells.
Your spell library was empty.

Dungeon Overview and Level Annotations

Branches:
Dungeon (4/15)
 Temple: D:4-7

Altars:


Innate Abilities, Weirdness & Mutations

You cannot wear armour.
You are incapable of wielding weapons or throwing items.
Your paws allow you to move quietly. (Stealth)
You have sharp claws.
You have razor-sharp teeth.
You have supernaturally acute eyesight. (SInv)
You are carnivorous and can eat meat at any time.
You cover ground quickly.
You are covered in fur. (AC +1)
You have a slow metabolism.
Your sharp claws are effective at attacking unaware monsters.


Message History

You claw the orc wizard!
The orc wizard is severely wounded.
The orc wizard barely misses you.
You scratch the orc wizard.
The orc wizard is almost dead.
The orc wizard casts a spell.
The orc wizard seems to speed up.
The orc wizard gestures wildly while chanting.
The orc wizard seems to speed up.
You scratch the orc wizard.
You kill the orc wizard!
The orc wizard casts a spell at you. The magic dart hits you.
The orc wizard gestures at you while chanting.
The magic dart hits you.
* * * LOW HITPOINT WARNING * * *
You see here a +0 trident.
The orc wizard gestures at you while chanting.
The magic dart hits you.
You die...

#......o......
###....†...o>. #####
#.......>... #...#
#....o...... #...#
#........... #.<.#
##.......... #...#
##..W......
#...############..######
#.<....@)...)o.....W....
#...#######..##.#......#
#...#####.......).<..###
#...#.....##..#.###.##
####...#....####.#.# .#
#....###...##......# ..
#....# ##......##.## ##.
#....###........#.# ..
#...[##...........# ##


You could see an orc wizard.

Vanquished Creatures
  An orc wizard (D:4)
  Natasha (thrice) (D:3)
  A worker ant (D:4)
  A hound skeleton (D:4)
  3 gnolls (D:2)
  4 adders
  An ooze (D:3)
  4 dart slugs
  2 leopard geckos
  12 orcs
  2 giant cockroaches (D:3)
  5 hobgoblins
  10 jackals
  9 kobolds
  8 bats
  2 frilled lizards (D:2)
  5 goblins
  7 rats
80 creatures vanquished.

Notes
Turn   | Place    | Note
-------+----------+-------------------------------------------
     0 | D:1      | Descartes the Felid Monk began the quest for the Orb.
     0 | D:1      | Reached XP level 1. HP: 10/10 MP: 2/2
   500 | D:1      | Reached XP level 2. HP: 14/14 MP: 3/3
   944 | D:2      | Reached XP level 3. HP: 16/17 MP: 4/4
  1349 | D:2      | Reached XP level 4. HP: 21/21 MP: 5/5
  2121 | D:3      | Reached skill level 5 in Dodging
  2407 | D:3      | Reached XP level 5. HP: 22/24 MP: 6/6
  2449 | D:3      | Noticed Natasha
  2453 | D:3      | Killed Natasha
  2503 | D:3      | Noticed Natasha
  2517 | D:3      | HP: 1/24 [Natasha/magic dart (8)]
  2519 | D:3      | Killed Natasha
  2519 | D:3      | Reached skill level 5 in Unarmed Combat
  2700 | D:3      | Noticed Natasha
  3215 | D:3      | Killed Natasha
  3215 | D:3      | Reached skill level 5 in Stealth
  3692 | D:4      | Noticed an ogre
  3854 | D:4      | Noticed a phantom
  4153 | D:4      | Killed from afar by an orc wizard
  4154 | D:4      | Reached XP level 4. HP: 0/21 MP: 5/5
  4168 | D:4      | Reached XP level 5. HP: 18/24 MP: 6/6
  4213 | D:4      | Killed from afar by an orc wizard

Levels and vault maps discovered:
D:1:      dpeg_arrival_more_subterranean_lakeside_camping, layout_basic
D:2:      layout_basic
D:3:      layout_basic, uniq_natasha
D:4:      layout_rooms, fedhas_altar_3, serial_shops, kennysheep_little_box,
          kennysheep_big_empty_room, uniq_grinder

Skill      XL: |  1  2  3  4  5 |
---------------+----------------+-----
Stealth        | 3 4 5 |  5.2
Unarmed Combat | 4 5 |  5.6
Dodging        | 5 |  5.1
Fighting       | |  3.0

Action                   |  1- 3 |  4- 6 || total
-------------------------+-------+-------++-------
Melee: Unarmed           |    88 |   162 ||   250
       Bite              |     3 |    12 ||    15
       Punch             |     1 |     5 ||     6
  Use: Scroll            |       |     2 ||     2
 Stab: Sleeping          |     4 |     8 ||    12
  Eat: Chunk             |     8 |     4 ||    12
Armor: Skin              |     3 |     4 ||     7
Dodge: Dodged            |    82 |   118 ||   200
